 Dungeon Crawl Stone Soup version 0.30-a0-760-g5a9884bb7c (webtiles) character file.

Game seed: 3471408377017175166

56 jimonade the Poker (level 3, -4/28 HPs)
             Began as a Merfolk Gladiator on Feb 12, 2023.
             Slain by an orc
             ... wielding a +0 flail
              (5 damage)
             ... on level 3 of the Dungeon.
             The game lasted 00:02:28 (2448 turns).

jimonade the Poker (Merfolk Gladiator)              Turns: 2448, Time: 00:02:28

Health: -4/28      AC:  8    Str: 14    XL:     3   Next: 97%
Magic:  3/3        EV: 11    Int:  9    God:
Gold:   77         SH:  0    Dex: 15    Spells: 2/2 levels left

rFire   . . .      SeeInvis .    a - +0 trident
rCold   + + .      Faith    .    (no shield)
rNeg    . . .      Spirit   .    m - +0 scale mail {rC+}
rPois   .          Reflect  .    c - +0 helmet
rElec   .          Harm     .    h - +0 cloak
rCorr   .          Rampage  .    (no gloves)
Will    .....                    (no boots) Stlth
                                 (no amulet)
HPRegen 0.24/turn                o - ring of protection from cold
MPRegen 0.08/turn                (no ring)

@: no status effects
A: (nimble swimmer 2), mertail
a: no special abilities


You were on level 3 of the Dungeon.
You visited 1 branch of the dungeon, and saw 3 of its levels.

You collected 77 gold pieces.

Inventory:

Hand Weapons
 a - a +0 trident (weapon)
Missiles
 d - 3 throwing nets (quivered)
 e - 4 javelins
Armour
 b - a +0 leather armour
 c - a +0 helmet (worn)
 h - a +0 cloak (worn)
 m - a +0 scale mail of cold resistance (worn)
Jewellery
 o - a ring of protection from cold (left hand)
Scrolls
 f - a scroll of enchant weapon {unknown}
 g - 2 scrolls of identify {unknown}
 j - a scroll of immolation {unknown}
 k - a scroll of enchant armour {unknown}
 n - a scroll of summoning {unknown}
 q - a scroll of fear {unknown}
Potions
 i - 3 potions of curing {unknown}
 l - a potion of haste {unknown}
 p - a potion of magic {unknown}


   Skills:
 + Level 2.3 Fighting
 * Level 5.3 Polearms
 + Level 2.0 Throwing
 + Level 0.5 Armour
 + Level 4.6 Dodging
 + Level 0.7 Stealth


You had 2 spell levels left.
You didn't know any spells.
Your spell library contained the following spells:

 Spells                   Type           Power      Damage    Failure   Level
 Kiss of Death            Conj/Necr      0%         2d5       88%         1
 Lesser Beckoning         Tloc           0%         N/A       95%         2
 Confusing Touch          Hex            0%         N/A       99%         3
 Gell's Gravitas          Tloc           0%         N/A       99%         3
 Teleport Other           Tloc           0%         N/A       99%         3
 Dispel Undead            Necr           0%         3d6       100%        4


Dungeon Overview and Level Annotations

Branches:
Dungeon (3/15)

Altars:

Shops:
D:2 :

Annotations:
D:2 1 exclusion


Innate Abilities, Weirdness & Mutations

((You are very nimble when in or above water. (Stealth+, EV+, Speed+++)))
Your lower body shifts to a powerful aquatic tail in water.


Message History

You kill the ball python!
You reach to attack!
You barely miss the orc. You hit the orc but do no damage.
The orc hits you with a +0 mace.
You closely miss the orc. The orc barely misses you.
An orc comes into view. It is wielding a +0 flail.
The orc shouts!
You hit the orc.
The orc is moderately wounded.
The orc closely misses you.
The orc drinks a potion.
The orc flickers and vanishes!
Deactivating autopickup; reactivate with Ctrl-A.
The orc closely misses you.
You hit the orc.
The orc is severely wounded.
The orc barely misses you. Something completely misses you.
You hit the orc but do no damage.
The orc is severely wounded.
The orc hits you with a +0 mace! Something hits you.
You closely miss the orc.
The orc is severely wounded.
The orc hits you with a +0 mace. Something hits you.
You are too injured to fight recklessly!
You hit the orc.
You kill the orc!
Something hits you.
* * * LOW HITPOINT WARNING * * *
You closely miss the orc. The orc hits you but does no damage.
Something hits you.
* * * LOW HITPOINT WARNING * * *
You hit the orc.
The orc is almost dead.
The orc hits you but does no damage. Something hits you.
* * * LOW HITPOINT WARNING * * *
You hit the orc but do no damage.
The orc is almost dead.
The orc hits you but does no damage. Something hits you but does no damage.
You hit the orc but do no damage.
The orc is almost dead.
Something hits you.
You die... .. ... # .... #####.
BB...

....S.####......
>......B..oo..#
#.#..#B#####..#
# #o# . #@# ..
#{# #..######
... o......
##### ####.....
......... #..
#.. #.. #..


You could see an orc and 2 giant cockroaches.

Vanquished Creatures
  An adder (D:3)
  A worm (D:2)
  4 dart slugs
  2 orcs (D:3)
  2 endoplasms
  6 giant cockroaches
  4 hobgoblins
  3 kobolds
  2 ball pythons (D:3)
  3 frilled lizards
  2 goblins
  3 rats
33 creatures vanquished.

Notes
Turn   | Place    | Note
-------+----------+-------------------------------------------
     0 | D:1      | jimonade the Merfolk Gladiator began the quest for the Orb.
     0 | D:1      | Reached XP level 1. HP: 16/16 MP: 1/1
   214 | D:1      | Reached XP level 2. HP: 12/22 MP: 2/2
   834 | D:2      | Found Wodipism's Vocational Training.
  1456 | D:2      | Reached XP level 3. HP: 20/27 MP: 3/3
  2163 | D:3      | Reached skill level 5 in Polearms
  2446 | D:3      | HP: 1/28 [something (3)]
  2448 | D:3      | Slain by an orc

Illustrated notes

Levels and vault maps discovered:
D:1:      minmay_arrival_arboretum_small, layout_basic
D:2:      mumra_celtic_spiral_tile, layout_loops_corners, nrook_loot_triangle,
          nicolae_shop_vocational, uniq_crazy_yiuf_cottage
D:3:      corexii_shack_village, layout_basic

Skill      XL: |  1  2  3 |
---------------+----------+-----
Polearms       | 5 |  5.3
Fighting       | |  2.3
Throwing       | |  2.0
Armour         | |  0.5
Dodging        | |  4.6
Stealth        | |  0.7

Action                     || total
---------------------------++-------
  Melee: Trident           ||    94
   Stab: Sleeping          ||     5
 Armour: Leather armour    ||     2
         Scale mail        ||    14
  Dodge: Dodged            ||    35

Table legend: (Time is in decaauts)
 A = Elapsed time spent in this place.
 B = Non-inter-level travel time spent in this place.
 C = Inter-level travel time spent in this place.
 D = Time resting spent in this place.
 E = Time spent auto-exploring this place.
 F = Levels seen in this place.
 G = Mean time per level.
                   A        B        C        D        E       F      G
               +--------+--------+--------+--------+--------+-----+--------+
         Total |   2453 |   2372 |     81 |      0 |   2113 |   3 |  817.7 |
       Dungeon |   2453 |   2372 |     81 |      0 |   2113 |   3 |  817.7 |
               +--------+--------+--------+--------+--------+-----+--------+

Top non-repeatable levels by time:
     D:2: 1278 daAuts
     D:1: 836 daAuts
     D:3: 339 daAuts
